 Dungeon Crawl Stone Soup version 0.27-a0-1434-g6f15984924 (webtiles) character file.

Game seed: 1778957839687705094

86 Sin92 the Skirmisher (level 4, -1/35 HPs)
             Began as a Demonspawn Fighter on July 4, 2021.
             Slain by an orc wizard (2 damage)
             ... on level 3 of the Dungeon.
             The game lasted 00:02:28 (1946 turns).

Sin92 the Skirmisher (Demonspawn Fighter)           Turns: 1946, Time: 00:02:28

Health: -1/35      AC:  6    Str: 17    XL:     4   Next: 26%
Magic:  4/4        EV:  8    Int: 10    God:
Gold:   126        SH:  9    Dex: 12    Spells: 3/3 levels left

rFire    . . .     SeeInvis .   a - +0 war axe
rCold    . . .     Faith    .   c - +0 kite shield
rNeg     . . .     Spirit   .   b - +0 scale mail
rPois    .         Reflect  .   (no helmet)
rElec    .         Harm     .   (no cloak)
rCorr    .         Rampage  .   (no gloves)
Will     .....                  (no boots)
Stlth    ..........             (no amulet)
HPRegen  0.11/turn              (no ring)
MPRegen  0.18/turn              (no ring)

@: no status effects
A: magic regeneration, sturdy frame 1
a: no special abilities


You were on level 3 of the Dungeon.
You visited 1 branch of the dungeon, and saw 3 of its levels.

You collected 126 gold pieces.

Inventory:

Hand Weapons
 a - a +0 war axe (weapon)
Armour
 b - a +0 scale mail (worn)
 c - a +0 kite shield (worn)
Scrolls
 e - 3 scrolls of identify {unknown}
 g - a scroll of enchant weapon {unknown}
 h - a scroll of summoning {unknown}
 i - a scroll of acquirement {unknown}
 j - a scroll of enchant armour {unknown}
 k - a scroll of vulnerability {unknown}
 l - a scroll of immolation {unknown}
 n - a scroll of noise {unknown}
 o - a scroll of torment {unknown}
Potions
 d - a potion of might
 f - a potion of haste {unknown}
 m - a potion of degeneration {unknown}
 p - 2 potions of attraction {unknown}
 q - a potion of lignification {unknown}
 r - a potion of curing {unknown}


   Skills:
 + Level 3.4 Fighting
 + Level 2.5 Axes
 + Level 3.1 Armour
 + Level 1.3 Dodging
 + Level 3.1 Shields


You had 3 spell levels left.
You didn't know any spells.
Your spell library was empty.

Dungeon Overview and Level Annotations

Branches:
Dungeon (3/15)

Altars:
Cheibriados


Innate Abilities, Weirdness & Mutations

You regenerate magic rapidly.
Your movements are slightly less encumbered by armour. (ER -2)


Message History

You bump into the rock wall.
Something hits you but does no damage.
You bump into the rock wall.
You hear some strange, mumbled words.
A puff of flame appears from out of thin air!
The puff of flame hits you.
* * * LOW HITPOINT WARNING * * *
You bump into the rock wall.
You feel less confused. Something hits you.
* * * LOW HITPOINT WARNING * * *
You closely miss something. Something hits you but does no damage.
You slash something! Something hits you.
* * * LOW HITPOINT WARNING * * *
Something hits you but does no damage.
You miss something. Something hits you.
* * * LOW HITPOINT WARNING * * *
Something hits you but does no damage.
You closely miss something. Something completely misses you.
You hit something but do no damage.
An orc wizard appears from thin air!
Reactivating autopickup.
The orc wizard completely misses you. x2
You closely miss the orc wizard.
The orc wizard is severely wounded.
The orc wizard hits you but does no damage.
You hit the orc wizard.
The orc wizard is severely wounded.
You block the orc wizard's attack.
The orc wizard casts a spell.
The orc wizard flickers and vanishes!
Deactivating autopickup; reactivate with Ctrl-A.
You miss something. Something hits you.
* * * LOW HITPOINT WARNING * * *
Something hits you but does no damage.
You closely miss something. Something hits you.
* * * LOW HITPOINT WARNING * * *
You miss something. Something hits you but does no damage. Something hits you.
* * * LOW HITPOINT WARNING * * *
You barely miss something. You block something's attack.
You closely miss something. Something hits you.
You die...

... .. .#.# #..##.
.#.# #...#. .#.# #...[
#...# .##.... ..#.#
.......#####.##.#
≈.≈.≈#
#......).....##.#
##..≈..##
......).)...###@#
#≈.....≈#
..##..###.....{.##
#≈..≈..≈# ....
#...##...## #≈.≈.≈.≈#
.#.. ##..####..#
#..≈.≈..# ...
.....####(###.≈...≈.#
##
#...........(.≈≈...≈≈#
##...................#
..#.............≈...#
...##.........≈≈≈†≈≈≈#


There were no monsters in sight!

Vanquished Creatures
  3 adders (D:2)
  An ufetubus (D:3)
  A worm (D:2)
  2 dart slugs
  4 orcs (D:3)
  6 endoplasms
  A giant cockroach (D:1)
  4 goblins
  A hobgoblin (D:1)
  3 jackals (D:1)
  4 ball pythons
  2 bats (D:1)
  6 frilled lizards
  2 kobolds
  4 rats
44 creatures vanquished.

Notes
Turn   | Place    | Note
-------+----------+-------------------------------------------
     0 | D:1      | Sin92 the Demonspawn Fighter began the quest for the Orb.
     0 | D:1      | Reached XP level 1. HP: 18/18 MP: 1/1
    45 | D:1      | Gained mutation: Your movements are slightly less
                  | encumbered by armour. (ER -2) [demonic ancestry]
    45 | D:1      | Reached XP level 2. HP: 13/24 MP: 2/2
   645 | D:2      | Found a snail-covered altar of Cheibriados.
   666 | D:2      | Gained mutation: You regenerate magic rapidly. [demonic
                  | ancestry]
   666 | D:2      | Reached XP level 3. HP: 11/29 MP: 3/3
   995 | D:2      | Reached skill level 1 in Dodging
  1855 | D:3      | Reached XP level 4. HP: 35/35 MP: 4/4
  1944 | D:3      | HP: 1/35 [something (2)]
  1946 | D:3      | Slain by an orc wizard

Illustrated notes

Levels and vault maps discovered:
D:1:      mrwooster_arrival_statue, layout_rooms
D:2:      layout_loops_ring, basic_altar
D:3:      layout_rooms, nicolae_uskayaw_suspiria, interstate_on_off

Skill      XL: |  1  2  3 |
---------------+----------+-----
Axes           | 2 |  2.5
Shields        | 3 |  3.1
Armour         | 3 |  3.1
Dodging        | 1 |  1.3
Fighting       | |  3.4

Action                   |  1- 3 |  4- 6 || total
-------------------------+-------+-------++-------
Melee: War axe           |   118 |    33 ||   151
Armor: Scale mail        |    78 |    33 ||   111
Dodge: Dodged            |    47 |    20 ||    67
Block: Kite shield       |    71 |    17 ||    88

Table legend: (Time is in decaauts)
 A = Elapsed time spent in this place.
 B = Non-inter-level travel time spent in this place.
 C = Inter-level travel time spent in this place.
 D = Time resting spent in this place.
 E = Time spent auto-exploring this place.
 F = Levels seen in this place.
 G = Mean time per level.
                   A        B        C        D        E       F      G
               +--------+--------+--------+--------+--------+-----+--------+
         Total |   2040 |   1987 |     53 |    528 |   1071 |   3 |  680.0 |
       Dungeon |   2040 |   1987 |     53 |    528 |   1071 |   3 |  680.0 |
               +--------+--------+--------+--------+--------+-----+--------+

Top non-repeatable levels by time:
     D:2: 1235 daAuts
     D:1: 671 daAuts
     D:3: 133 daAuts
